 Dungeon Crawl Stone Soup version 0.17-a0-18-gc25b939 (webtiles) character file.

1598301 Pikaro the Executioner (level 27, 227/230 HPs)
             Began as a Hill Orc Gladiator on Mar 6, 2015.
             Was the Champion of Beogh.
             Escaped with the Orb
             ... and 3 runes on Mar 7, 2015!
             The game lasted 06:12:05 (82188 turns).

Pikaro the Executioner (Hill Orc Gladiator)        Turns: 82188, Time: 06:12:05

Health: 227/230    AC: 52    Str: 37    XL:     27
Magic:  51/51      EV: 29    Int:  6    God:    Beogh [******]
Gold:   5998       SH:  0    Dex: 17    Spells: 0 memorised, 26 levels left

rFire  . . .     SeeInvis .     g - +1 executioner's axe of Zypuij {elec, rN+ Str+7 Int-5}
rCold  + . .     Clarity  +     n - +8 crystal plate armour {rC+}
rNeg   + + .     SustAb   .     (no shield)
rPois  +         Gourm    .     c - +0 helmet
rElec  +         Spirit   .     v - +2 cloak {rPois}
rCorr  .         Warding  .     o - +0 pair of gloves of Bruzxokk {MP+9 Dex+2 Slay+2}
rMut   +         Stasis   .     m - +2 pair of boots {run}
MR     ++...                    j - amulet of resist mutation {rMut, !d}
Stlth  ..........               J - ring of Shaolin {EV+8}
                                a - ring of the Princeling {+Fly rN+ Str+7 Int+3 Dex-2}

@: quick, very resistant to hostile enchantments, extremely unstealthy
A: walk on water, repulsion field 1, molten scales 1, clarity, frail 1,
electricity resistance, weak 1, no device heal 1
a: Smiting, Recall Orcish Followers, Give Item to Named Follower, Renounce
Religion, Evoke Flight
0: Orb of Zot
}: 3/15 runes: barnacled, silver, gossamer


You escaped.
You worshipped Beogh.
Beogh was exalted by your worship.
You were full.

You visited 10 branches of the dungeon, and saw 58 of its levels.
You also visited: Labyrinth, Ossuary, Ice Cave and Volcano.

You collected 9449 gold pieces.
You spent 3451 gold pieces at shops.

Inventory:

Hand weapons
 g - the +1 executioner's axe of Zypuij (weapon) {elec, rN+ Str+7 Int-5}
   (You acquired it on level 2 of the Lair of Beasts)

   Occasionally, upon striking a foe, it will discharge some electrical energy
   and cause terrible harm.
   It affects your strength (+7).
   It affects your intelligence (-5).
   It protects you from negative energy.
 h - the +8 long sword of Phutomargh {elec, MR+ Int+2}
   (You found it on level 2 of the Lair of Beasts)

   Occasionally, upon striking a foe, it will discharge some electrical energy
   and cause terrible harm.
   It affects your intelligence (+2).
   It affects your resistance to hostile enchantments.
 S - the +8 hand crossbow "Earthworm" {elec, rN+ Dex+4}
   (You found it on level 1 of the Realm of Zot)

   It charges the ammunition it shoots with electricity; occasionally upon a
   hit, such missiles may discharge and cause terrible harm.
   It affects your dexterity (+4).
   It protects you from negative energy.
Armour
 c - a +0 helmet (worn)
 m - a +2 pair of boots of running (worn)
   (You bought it in a shop on level 4 of the Dungeon)
 n - a +8 crystal plate armour of cold resistance (worn)
   (You found it in an ice cave)
 o - the +0 pair of gloves of Bruzxokk (worn) {MP+9 Dex+2 Slay+2}
   (You acquired it on level 5 of the Lair of Beasts)

   It affects your dexterity (+2).
   It affects your accuracy and damage with ranged weapons and melee attacks
   (+2).
   It affects your magic capacity (+9).
 v - a +2 cloak of poison resistance (worn)
   (You found it on level 6 of the Lair of Beasts)
 N - a +1 cloak
   (You took it off a draconian annihilator on level 1 of the Realm of Zot)
Rods
 A - a +8 iron rod (14/14)
   (You found it on level 2 of the Depths)
Jewellery
 a - the ring of the Princeling (left hand) {+Fly rN+ Str+7 Int+3 Dex-2}
   (You found it on level 3 of the Crypt)

   [ring of positive energy]

   It affects your strength (+7).
   It affects your intelligence (+3).
   It affects your dexterity (-2).
   It protects you from negative energy.
   It lets you fly.
 j - an amulet of resist mutation (around neck) {rMut, !d}
   (You bought it in a shop on level 1 of the Vaults)
 q - the ring "Ghottat" {-Tele rElec rC++ rN+ Str+2}
   (You found it on level 3 of the Crypt)

   [ring of positive energy]

   It affects your strength (+2).
   It greatly protects you from cold.
   It insulates you from electricity.
   It protects you from negative energy.
   It prevents most forms of teleportation.
 G - the ring of Disaster {SustAb SInv}
   (You took it off a deep elf priest on level 3 of the Elven Halls)

   [ring of sustain abilities]

   It sustains your strength, intelligence and dexterity.
   It enhances your eyesight.
 J - the ring of Shaolin (right hand) {EV+8}
   (You found it on level 4 of the Realm of Zot)

   [ring of evasion]

   It affects your evasion (+8).
 P - an uncursed amulet of guardian spirit {Spirit}
   (You found it on level 3 of the Lair of Beasts)
 Q - the amulet of Icuen {Clar rElec}
   (You found it on level 3 of the Depths)

   [amulet of clarity]

   It provides mental clarity.
   It insulates you from electricity.
 Z - the ring of Frangui {Wiz Contam MR++ Int+6}
   (You found it on level 3 of the Crypt)

   [ring of wizardry]

   It improves your spell success rate.
   It affects your intelligence (+6).
   It affects your resistance to hostile enchantments.
   It causes magical contamination when unequipped.
Magical devices
 k - a wand of invisibility (4)
   (You found it on level 1 of the Elven Halls)
 B - a wand of digging (9)
   (You found it on level 12 of the Dungeon)
 V - a wand of heal wounds (0)
   (You found it on level 15 of the Dungeon)
Scrolls
 d - 4 scrolls of brand weapon
 p - 9 scrolls of recharging
 r - 4 scrolls of enchant weapon
 u - 23 scrolls of teleportation
 y - 3 scrolls of magic mapping {!r}
 D - 6 scrolls of fear
 F - 24 scrolls of identify
 L - 11 scrolls of remove curse
 M - 3 scrolls of blinking {!r}
 O - 4 scrolls of silence
 R - 2 scrolls of holy word {!r}
 Y - a scroll of immolation {!r}
Potions
 b - 7 potions of restore abilities
 e - 15 potions of curing
 i - 3 potions of lignification {!q}
 l - 2 potions of heal wounds
 x - 7 potions of invisibility
 C - 2 potions of haste
 E - 7 potions of berserk rage {!q}
 H - 4 potions of agility
 I - a potion of resistance
 X - 5 potions of might
Miscellaneous
 w - a fan of gales (inert)
   (You found it on level 3 of the Elven Halls)
 z - a legendary deck of summoning {Water}
   (You found it on level 5 of the Vaults)
 K - a phantom mirror
 T - a phial of floods
   (You found it on level 4 of the Depths)
Comestibles
 f - 12 meat rations
 t - 40 fruits


   Skills:
 + Level 22.6 Fighting
 - Level 26.0 Axes
 - Level 2.0 Throwing
 + Level 21.5 Armour
 + Level 18.2 Dodging
 + Level 23.1 Invocations
 + Level 19.4 Evocations


You had 26 spell levels left.
You didn't know any spells.

Dungeon Overview and Level Annotations

Branches:
Dungeon (15/15)            Temple (0/1) D:4            Lair (8/8) D:8
 Shoals (5/5) Lair:6       Spider (5/5) Lair:6        Slime (0/6) Lair:6
    Orc (4/4) D:12            Elf (3/3) Orc:3        Vaults (5/5) D:14
  Crypt (3/3) Vaults:2       Tomb (0/3) Crypt:3      Depths (5/5) D:15
    Zot (5/5) Depths:5

Altars:
Ashenzari
Dithmenos
Elyvilon
Gozag
Kikubaaqudgha
Makhleb
Nemelex Xobeh
Okawaru
Qazlal
Ru
Trog
Vehumet
Xom
Yredelemnul
Zin
The Shining One
Beogh

Shops:
D:4 *   D:13 *%   Orc:1 !   Orc:4 [[*:   Elf:2 !   Shoals:1 (   Shoals:2 *[*
Vaults:1 =}   Vaults:2 [!:   Depths:4 =   Depths:5 [

Portals:
Hell: Depths:1 Depths:2 Depths:3 Depths:4 Depths:5
Abyss: Depths:1 Depths:4 Depths:5
Pandemonium: Depths:3 Depths:5
Ziggurat: Depths:3

Annotations:
D:9 Blork the orc
Zot:1 Nergalle


Innate Abilities, Weirdness & Mutations

You can walk on water.
You are surrounded by a mild repulsion field (EV +2).
You are partially covered in molten scales (AC +1).
You possess an exceptional clarity of mind.
You are frail (-10% HP).
You are resistant to electric shocks.
You are weak. (Str -2)
Potions and wands are less effective at restoring your health.


Message History

Where to? (* - list waypoints, Enter - D:5, ? - help)
You swap places. 8 arrows of frost; an animal skin
Items here: )))) [[[ You regained 8 hp, and now have 220/230 hp.
The orc shouts!
The orc hits you but does no damage.
You are poisoned.
You slash the orc!
You kill the orc!
You feel sick.
You take 1 damage, and have 221/230 hp.
You now have 5998 gold pieces (gained 16). a whip of venom; a scale mail; an orc corpse You feel sick.
You take 1 damage, and have 221/230 hp.
A neqoxec comes into view.
The neqoxec shouts!
Spoiler Alert: The neqoxec can mutate you, and drain your Int!
The neqoxec gestures at you.
Strange energies course through your body.
You feel odd for a moment.
You feel sick. The neqoxec misses you. The neqoxec completely misses you.
Spoiler Alert: The neqoxec can mutate you, and drain your Int!
You feel sick.
There is a stone staircase leading up here.
You slice the neqoxec like a ripe choko!!!
There is a sudden explosion of sparks!
You kill the neqoxec!
You climb upwards.
You sense a powerful magical force warping space.
There is a stone staircase leading down here.
(D) Dungeon (T) Temple (L) Lair (A) Shoals (N) Spider Nest (M) Slime Pits (O) Orcish Mines (E) Elven Halls (V) Vaults (C) Crypt (W) Tomb (U) Depths (H) Hell (Z) Zot
Where to? (* - list waypoints, Enter - D:4, ? - help)
You feel sick. a robe; a dagger You feel sick.
You are no longer poisoned.
There is a stone staircase leading up here.
Your magical contamination has completely faded away.
You climb upwards.
You sense a powerful magical force warping space.
There is a stone staircase leading down here.
Health restored: 230 You can't go up here!
There are no items here.
You can't go up here!
There is a stone staircase leading up here.
You climb upwards.
You sense a powerful magical force warping space.
There is a stone staircase leading down here.
(D) Dungeon (T) Temple (L) Lair (A) Shoals (N) Spider Nest (M) Slime Pits (O) Orcish Mines (E) Elven Halls (V) Vaults (C) Crypt (W) Tomb (U) Depths (H) Hell (Z) Zot
Where to? (* - list waypoints, Enter - D:3, ? - help)
There is a stone staircase leading up here.
You climb upwards.
You sense a powerful magical force warping space.
A ynoxinul comes into view.
There is a stone staircase leading down here.
Spoiler Alert: The ynoxinul can cast Iron Shot!
You closely miss the ynoxinul.
The ynoxinul gestures.
You carve the ynoxinul like a ham!!!
You kill the ynoxinul!
You slice the ufetubus!!
You kill the ufetubus!
The ufetubus disappears in a puff of smoke! x2
You see here a goblin skeleton.
(D) Dungeon (T) Temple (L) Lair (A) Shoals (N) Spider Nest (M) Slime Pits (O) Orcish Mines (E) Elven Halls (V) Vaults (C) Crypt (W) Tomb (U) Depths (H) Hell (Z) Zot
Where to? (* - list waypoints, Enter - D:1, ? - help)
Okay, then.
An Orb Guardian comes into view.
You see here 20 sling bullets.
You see here 21 stones.
The Orb Guardian misses you.
You see here a short sword.
The Orb Guardian completely misses you. The Orb Guardian hits you!
You take 8 damage, and have 222/230 hp.
The Orb Guardian hits you but does no damage.
There is a large open door here.
The Orb Guardian hits you but does no damage.
There is a large open door here.
The Orb Guardian barely misses you.
There is a large open door here.
There is a staircase leading out of the dungeon here.
You can't go down here!
The Orb Guardian hits you but does no damage.
The Orb Guardian closely misses you.
You have escaped!

......##.......### #......#
...............!.###......#
..........(#####..).......#
...........###....####....#
.....((........########...#
......##...##### #...(##..#
..#.####.### ###.≈≈.###.#
....# #..# #.'.≈≈.'.'.#
..### ##.## #@X.≈≈.'.'.#
..# #.># ###.≈≈.##### ..#
##.##### #....# ..# #..#..#
###### .>## ##.#..##
...########.....##
.................##
..########...(....# ..#
#........#


You could see an Orb Guardian.

Vanquished Creatures
  3 orbs of fire
  4 ancient liches
  A caustic shrike (Depths:4)
  A curse toe (Zot:1)
  Mara (Depths:4)
  4 golden dragons
  A bone dragon (Crypt:3)
  2 electric golems
  5 tentacled monstrosities
  5 liches
  4 titans (Vaults:5)
  2 deep elf blademasters
  18 Orb Guardians
  2 deep elf master archers (Elf:3)
  An Executioner (Elf:3)
  2 krakens (Shoals:5)
  4 sphinxes
  2 ancient champions (Crypt:1)
  Rupert (Shoals:1)
  Kirke (Elf:1)
  7 shadow dragons
  7 tengu reavers
  Frances (Spider:5)
  6 storm dragons
  A draconian monk (Zot:5)
  5 fire giants
  Donald (Orc:4)
  4 revenants
  Maud (Depths:2)
  6 ghost moths
  An iron dragon (Vaults:5)
  7 frost giants
  10 deep elf sorcerers
  2 draconian zealots (Zot:1)
  A draconian knight (Zot:1)
  A balrug (Depths:1)
  16 vault wardens
  11 emperor scorpions
  2 curse skulls
  22 ironheart preservers
  6 ghouls (Crypt:2)
  5 draconian shifters
  10 very ugly things
  2 draconian annihilators (Zot:1)
  3 war gargoyles
  20 stone giants
  A grey draconian (Zot:4)
  4 green draconians
  2 vampire knights
  13 deep elf demonologists
  5 dire elephants
  2 yellow draconians
  3 black draconians
  9 deep elf annihilators (Elf:3)
  3 pale draconians
  3 red draconians
  4 white draconians
  5 eidola
  2 purple draconians
  7 merfolk javelineers
  Snorg (Shoals:1)
  A mummy priest (Crypt:3)
  8 fire dragons
  7 deep elf death magi
  11 ettins
  6 merfolk impalers (Shoals:5)
  33 vault guards
  2 death cobs (Zot:3)
  A minotaur (Lab)
  3 rakshasas
  3 hydras
  17 ogre magi
  5 deep elf high priests
  13 great orbs of eyes
  Fannar (D:12)
  15 ice dragons
  Harold (Orc:3)
  14 jiangshi
  21 yaktaur captains
  12 centaur warriors
  3 merfolk avatars
  Erica (Lair:5)
  An alligator snapping turtle (Shoals:5)
  3 merfolk aquamancers
  A death knight (Crypt:1)
  2 soul eaters
  5 tengu warriors
  A titan zombie (Depths:3)
  30 death yaks
  13 dancing weapons
  3 spriggan berserkers
  6 vampire magi
  9 deep troll earth magi
  3 unseen horrors
  8 deep troll shamans
  3 storm dragon zombies
  5 hell knights
  A spectral catoblepas (Crypt:2)
  3 sun demons
  7 iron trolls
  36 skeletal warriors
  25 deep trolls
  3 ice devils (IceCv)
  14 deep elf knights
  6 giant orange brains
  A death drake (Depths:2)
  8 flayed ghosts
  11 sea snakes
  11 deep elf summoners
  A lindwurm (Lair:7)
  6 shadow wraiths
  2 ice statues (IceCv)
  15 ironbrand convokers
  5 orc knights
  9 hill giants
  Pikel (D:8)
  A golden dragon skeleton (Zot:1)
  9 necromancers
  A shadow dragon zombie (Depths:3)
  2 wolf spider zombies
  A lindwurm (shapeshifter) (Depths:5)
  4 phantasmal warriors
  2 anaconda skeletons (Crypt:3)
  3 fauns (Shoals:3)
  An iron dragon zombie (Crypt:2)
  2 sphinx zombies (Depths:3)
  7 water nymphs
  2 orc sorcerers
  32 wolf spiders
  2 frost giant zombies (Depths:3)
  4 deathcaps
  3 tengu skeletons
  8 deep elf conjurers
  6 hornets
  2 fire giant zombies
  16 orb spiders
  3 stone giant zombies
  4 sixfirhies
  57 ugly things
  A salamander (Depths:1)
  A salamander (shapeshifter) (Vaults:4)
  7 harpies
  A mana viper (Depths:2)
  An orb spider (shapeshifter) (Vaults:2)
  8 moths of wrath
  10 griffons
  2 draconians (shapeshifter)
  6 sirens
  7 cyclopes
  11 elephants
  13 vault sentinels
  2 iron dragon skeletons (Crypt:3)
  Maurice (D:8)
  15 manticores
  An octopode (shapeshifter) (D:14)
  Joseph (Orc:1)
  7 fire giant skeletons (Crypt:3)
  2 stone giant skeletons (Crypt:3)
  A smoke demon (Elf:3)
  4 black mambas
  12 spiny frogs
  A dire elephant skeleton (Crypt:2)
  2 centaur skeletons (D:15)
  A queen ant (Lair:2)
  4 torpor snails
  2 orange demons
  3 gargoyles
  2 orange crystal statues (Depths:2)
  7 komodo dragons
  A guardian serpent (shapeshifter) (Vaults:5)
  Psyche (D:11)
  A yaktaur zombie (Vaults:3)
  2 hellions
  A fire drake (Zot:1)
  64 yaktaurs
  The ghost of ThermosAquaticus the Caller, an experienced MfSu of Sif Muna (D:4)
  A kobold demonologist (Vaults:2)
  2 guardian mummies (Depths:3)
  8 demonic crawlers
  2 yaktaur skeletons (Vaults:4)
  15 deep elf priests
  A hellwing (Depths:1)
  3 spectral merfolk
  7 blue devils
  41 jumping spiders
  A queen bee (shapeshifter) (D:14)
  A queen bee (D:9)
  2 silent spectres (Crypt:1)
  A fire drake (shapeshifter) (Elf:1)
  5 human skeletons
  A mottled draconian skeleton (Zot:1)
  A troll (shapeshifter) (Depths:1)
  2 anaconda simulacra
  31 merfolk
  A harpy zombie (Crypt:3)
  19 slime creatures
  3 polar bears
  4 tengu conjurers
  7 freezing wraiths
  2 wandering mushrooms
  9 snapping turtles
  4 wind drakes
  4 bog bodies (Crypt:2)
  A trapdoor spider zombie (D:10)
  5 boulder beetles
  7 trolls
  26 two-headed ogres
  A hydra skeleton (Crypt:3)
  3 giant leeches (Lair:8)
  18 ravens
  2 ushabtiu (Crypt:3)
  19 tarantellas
  14 trapdoor spiders
  An ettin zombie (Vaults:3)
  A basilisk (Lair:5)
  40 redbacks
  A boulder beetle (shapeshifter) (Vaults:5)
  A blink frog (shapeshifter) (Vaults:4)
  A spriggan zombie (Depths:1)
  8 shadows
  14 blink frogs
  27 deep elf magi
  7 fire dragon skeletons (Crypt:3)
  8 vampires
  A spriggan skeleton (Depths:1)
  13 wraiths
  36 yaks
  16 water elementals
  An ice dragon skeleton (Crypt:3)
  7 hungry ghosts
  5 hogs (Elf:1)
  An ettin skeleton (Crypt:1)
  A queen ant zombie (Crypt:1)
  A yak (shapeshifter) (D:14)
  21 vampire mosquitoes
  A black mamba skeleton (Crypt:3)
  A raven zombie (Crypt:1)
  A ynoxinul (D:1)
  A neqoxec (D:5)
  28 deep elf fighters
  2 fire bats (Depths:1)
  A wolf (shapeshifter) (Elf:1)
  13 hippogriffs
  2 mottled dragons
  2 deep troll zombies (Vaults:3)
  3 human zombies
  16 wolves
  Edmund (D:8)
  A steam dragon (D:13)
  2 large abominations
  Menkaure (Ossuary)
  A soldier ant (shapeshifter) (Vaults:4)
  20 soldier ants (Lair:2)
  A torturous demonspawn zombie (Crypt:2)
  10 wargs
  9 porcupines
  A small abomination (Elf:3)
  2 slaves (D:5)
  An eye of draining (D:13)
  20 spiders
  A black bear (shapeshifter) (Vaults:2)
  10 water moccasins
  7 hell hounds (Depths:2)
  A spectral spriggan (Depths:2)
  2 spectral trolls (Depths:2)
  16 orc warriors
  A swamp drake (Zot:1)
  18 ice beasts
  2 black bears (D:10)
  76 ogres
  2 sky beasts
  2 snapping turtle zombies (Depths:2)
  8 wasps
  A boring beetle (Spider:5)
  An eye of draining (shapeshifter) (D:14)
  9 boggarts
  A blink frog zombie (Crypt:1)
  6 crocodiles
  5 necrophages
  A dwarf (shapeshifter) (Vaults:5)
  2 snapping turtle skeletons (Crypt:3)
  3 big kobolds
  27 centaurs
  An ettin simulacrum (Vaults:3)
  A big kobold (shapeshifter) (Depths:3)
  Duvessa (D:4)
  A hog skeleton (Crypt:2)
  31 giant frogs
  A gnoll sergeant (D:10)
  A dryad zombie (Crypt:1)
  A water moccasin zombie (D:5)
  A wyvern skeleton (D:15)
  10 scorpions
  2 spectral ogres (Depths:2)
  19 killer bees
  13 wights
  4 spectral nagas (Depths:2)
  2 quasits
  Dowan (D:4)
  5 crimson imps
  6 orc priests
  A spectral centaur (Depths:2)
  9 electric eels
  4 giant frog zombies
  A centaur zombie (D:12)
  4 giant frog skeletons
  8 jellies
  5 goliath beetles
  13 orc wizards
  13 hounds
  6 iguanas
  An iron imp (Zot:1)
  2 hell rats (Elf:3)
  26 worker ants
  Ijyb (D:4)
  An ogre skeleton (Crypt:3)
  22 sheep
  A hound zombie (D:7)
  17 mummies
  2 worker ant zombies
  66 river rats
  25 adders
  3 shadow imps
  2 giant mites (Lair:7)
  20 gnolls
  9 white imps
  4 worms
  10 ufetubi
  A giant eyeball (Depths:2)
  An adder skeleton (Crypt:1)
  7 oozes
  45 orcs
  15 hobgoblins
  21 kobolds
  18 quokkas
  A ball python (D:4)
  14 bats
  8 giant cockroaches
  6 giant geckos
  A giant gecko skeleton (D:6)
  2 giant gecko zombies
  4 giant newts
  A giant spore (D:6)
  A gnoll skeleton (Ossuary)
  3 gnoll zombies (Ossuary)
  16 goblins
  5 goblin skeletons (Ossuary)
  2 goblin zombies (Ossuary)
  2 hobgoblin skeletons (Ossuary)
  3 hobgoblin zombies (Ossuary)
  2 kobold skeletons (Ossuary)
  3 kobold zombies
  7 orc skeletons
  3 orc zombies (Ossuary)
  20 rats
  2 rat skeletons (Ossuary)
  3 rat zombies (Ossuary)
  4 spectral orcs (Lair:4)
  4 ballistomycetes
  6 crawling corpses
  14 fungi
  25 plants
  6 tentacles
2583 creatures vanquished.

Vanquished Creatures (collateral kills)
  A greater mummy (Depths:3)
  Saint Roka (Depths:2)
  2 curse toes
  4 golden dragons
  3 Orb Guardians (Zot:5)
  2 tentacled monstrosities (Vaults:5)
  2 liches
  A kraken (Shoals:2)
  An ancient champion (Crypt:2)
  Agnes (Vaults:4)
  2 tengu reavers
  A shadow dragon (Vaults:5)
  Roxanne (Shoals:2)
  3 storm dragons
  Ilsuiw (Shoals:5)
  A revenant (Crypt:2)
  Wiglaf (Vaults:2)
  3 frost giants (Vaults:5)
  2 fire giants
  A curse skull (Crypt:2)
  A caustic shrike zombie (Depths:3)
  A draconian scorcher (Zot:1)
  An emperor scorpion (Spider:5)
  8 vault wardens
  The ghost of Uberwunderbarhen the Sorcerer, a mighty DEFE of Vehumet (Shoals:4)
  5 ironheart preservers
  6 very ugly things
  3 ghouls (Crypt:2)
  A war gargoyle (Crypt:3)
  A draconian annihilator (Zot:1)
  A draconian shifter (Zot:1)
  3 grey draconians (Zot:1)
  2 green draconians (Zot:1)
  6 stone giants
  A vampire knight (Crypt:2)
  A black draconian (Zot:1)
  A draconian caller (Zot:1)
  2 mottled draconians (Zot:1)
  2 purple draconians
  3 white draconians (Zot:1)
  3 ettins (Vaults:5)
  A minotaur (Depths:1)
  A fire dragon (Zot:1)
  3 vault guards (Vaults:3)
  4 yaktaur captains
  2 great orbs of eyes
  4 merfolk impalers
  A fire dragon (shapeshifter) (Vaults:1)
  5 jiangshi (Crypt:1)
  A deep elf high priest (Vaults:5)
  4 hydras
  2 ice dragons
  2 merfolk aquamancers (Shoals:5)
  Nessos (Orc:3)
  5 ogre magi
  A merfolk avatar (Shoals:5)
  A spectral fire giant (Crypt:2)
  4 dancing weapons
  A satyr (Shoals:5)
  A tengu warrior (D:13)
  A vampire mage (Crypt:2)
  A deep troll shaman (Depths:5)
  A death knight (Crypt:2)
  An orc high priest (Zot:1)
  A centaur warrior (Vaults:3)
  A soul eater (Depths:3)
  An iron troll (Depths:4)
  3 skeletal warriors
  2 deep elf knights
  A shadow wraith (Depths:2)
  A death drake (Zot:1)
  A storm dragon skeleton (Vaults:2)
  13 deep trolls
  A ghost moth zombie (Crypt:1)
  5 sea snakes
  Erolcha (D:12)
  2 hill giants
  3 orc knights
  A spectral wolf spider (Crypt:3)
  A necromancer (Vaults:5)
  5 wolf spiders
  A deathcap (Zot:1)
  2 deep elf conjurers (Elf:1)
  4 ironbrand convokers
  An orb spider (shapeshifter) (Depths:4)
  3 fauns
  5 harpies
  A water nymph (Shoals:4)
  4 moths of wrath
  2 orb spiders (Spider:5)
  A spectral fire dragon (Crypt:2)
  2 manticores
  8 ugly things
  2 guardian serpents (shapeshifter)
  3 griffons
  2 centaur zombies
  A fire giant skeleton (Crypt:3)
  A cyclops (Vaults:1)
  3 sirens
  A human skeleton (Vaults:3)
  A drowned soul (Shoals:2)
  2 vault sentinels
  A rust devil (Zot:5)
  3 elephants
  2 gargoyles (Crypt:3)
  A small abomination (Elf:3)
  4 spiny frogs
  9 yaktaurs
  A red devil (Vaults:1)
  3 komodo dragons
  2 fire drakes
  A guardian mummy (Depths:3)
  A mottled draconian skeleton (Zot:1)
  11 merfolk
  2 freezing wraiths
  A wandering mushroom (Zot:1)
  2 wind drakes
  6 jumping spiders
  A fire vortex (Vaults:4)
  A giant leech (Lair:8)
  7 slime creatures
  A polar bear (Lair:8)
  10 blink frogs
  2 two-headed ogres
  A giant leech (shapeshifter) (Vaults:5)
  A wind drake (shapeshifter) (Vaults:5)
  A tarantella zombie (Crypt:1)
  A bog body (Crypt:2)
  An ettin zombie (Vaults:5)
  6 snapping turtles
  2 boulder beetles
  3 tarantellas
  A ynoxinul (Zot:5)
  7 redbacks
  3 fire dragon skeletons (Crypt:3)
  2 trapdoor spiders
  3 deep elf magi
  2 shadows (Crypt:2)
  An orc simulacrum (Vaults:1)
  4 hippogriffs
  A chaos spawn (Orc:4)
  A human (Zot:3)
  2 wyverns
  A hungry ghost (D:12)
  7 deep elf fighters
  14 yaks
  7 vampire mosquitoes
  6 wolves
  2 wraiths (Depths:2)
  2 human zombies
  3 wargs (D:12)
  A mottled dragon (Vaults:1)
  A water moccasin (Lair:6)
  An orb spider zombie (Crypt:2)
  2 spectral trolls (Depths:2)
  2 black bears
  2 spiders
  16 orc warriors
  A wasp (Lair:7)
  11 ogres
  6 centaurs
  15 giant frogs
  5 electric eels
  A brain worm (shapeshifter) (Vaults:3)
  5 crocodiles
  9 killer bees (D:9)
  A crimson imp (D:12)
  A goliath beetle (D:8)
  A spectral centaur (Depths:2)
  A quasit (Vaults:2)
  6 wights
  2 hounds
  5 orc priests
  2 worker ants
  5 orc wizards
  8 sheep
  A centaur simulacrum (Depths:2)
  13 river rats
  6 adders
  2 giant mites (Lair:7)
  A giant eyeball (Elf:1)
  A shadow imp (D:8)
  3 ufetubi (Zot:5)
  17 orcs
  A hobgoblin (Orc:3)
  A quokka (D:8)
  2 goblins (Orc:4)
  3 kobolds
  A ballistomycete (D:11)
  8 fungi
  10 plants
  5 tentacles
  A tentacle segment (Shoals:5)
571 creatures vanquished.

Vanquished Creatures (others)
  A tentacled monstrosity (Vaults:5)
  A deep elf blademaster (Elf:3)
  2 eldritch tentacles
  6 orc warlords
  Nergalle (Zot:1)
  43 orc knights
  7 orc high priests
  Blork the orc (D:9)
  A soul eater (Crypt:3)
  A deep elf knight (Elf:3)
  13 orc sorcerers
  2 air elementals (Zot:5)
  A human zombie (Vaults:5)
  A moth of wrath (Zot:1)
  4 sixfirhies
  2 rust devils
  3 drowned souls (Shoals:2)
  A smoke demon (Spider:5)
  A komodo dragon (Zot:1)
  53 orc warriors
  2 red devils
  A fire vortex (Vaults:4)
  2 hellwings
  4 blue devils
  A jumping spider (Spider:1)
  A deep elf mage (Elf:2)
  A deep elf fighter (Elf:1)
  3 neqoxecs
  2 chaos spawn (Depths:5)
  24 orc wizards
  A centaur (Orc:4)
  A boggart (Depths:4)
  13 lost souls
  54 orc priests
  A quasit (Zot:5)
  An iron imp (Spider:5)
  36 spectral orcs
  3 ufetubi
  108 orcs
  3 jackals (D:4)
  A kobold (D:12)
  A quokka (D:4)
  2 giant spores
  3 gnoll zombies (Ossuary)
  2 goblin skeletons (Ossuary)
  A goblin zombie (Ossuary)
  3 hobgoblin skeletons (Ossuary)
  2 hobgoblin zombies (Ossuary)
  3 orc skeletons (Ossuary)
  An orc zombie (Ossuary)
  2 rat skeletons (Ossuary)
  2 rat zombies (Ossuary)
  144 eldritch tentacle segments
  4 fungi
  4 plants
  29 tentacles
  968 tentacle segments
1579 creatures vanquished.

Grand Total: 4733 creatures vanquished

Notes
Turn   | Place    | Note
--------------------------------------------------------------
     0 | D:1      | Pikaro, the Hill Orc Gladiator, began the quest for the Orb.
     0 | D:1      | Reached XP level 1. HP: 18/18 MP: 1/1
   264 | D:1      | Found a shattered altar of Ashenzari.
   284 | D:1      | Reached XP level 2. HP: 20/25 MP: 2/2
   311 | D:1      | Reached skill level 5 in Axes
   620 | D:1      | Reached XP level 3. HP: 30/30 MP: 3/3
   917 | D:2      | Reached skill level 6 in Axes
  1213 | D:2      | Reached XP level 4. HP: 37/37 MP: 4/4
  1537 | D:2      | Found an iron altar of Okawaru.
  1545 | D:2      | Found a stormy altar of Qazlal.
  1562 | D:2      | Found a radiant altar of Vehumet.
  1640 | D:2      | Found a glowing golden altar of the Shining One.
  1663 | D:2      | Reached skill level 7 in Axes
  1903 | D:3      | Reached XP level 5. HP: 32/42 MP: 5/5
  2415 | D:3      | Reached skill level 8 in Axes
  2845 | D:4      | Reached XP level 6. HP: 25/50 MP: 6/6
  2853 | D:4      | HP: 14/75 [worker ant (7)]
  2858 | D:4      | HP: 7/50 [poisoned by a worker ant]
  3020 | D:4      | Found a sparkling altar of Nemelex Xobeh.
  3020 | D:4      | Found a sacrificial altar of Ru.
  3025 | D:4      | Found a shadowy altar of Dithmenos.
  3026 | D:4      | Found a white marble altar of Elyvilon.
  3027 | D:4      | Found a shattered altar of Ashenzari.
  3027 | D:4      | Found a basalt altar of Yredelemnul.
  3029 | D:4      | Noticed ThermosAquaticus' ghost (experienced MfSu)
  3048 | D:4      | HP: 9/50 [ThermosAquaticus' ghost (9)]
  3049 | D:4      | HP: 2/50 [ThermosAquaticus' ghost (7)]
  3053 | D:4      | Killed ThermosAquaticus' ghost
  3053 | D:4      | Reached skill level 10 in Axes
  3053 | D:4      | Reached XP level 7. HP: 22/56 MP: 7/7
  3059 | D:4      | Gained mutation: You have difficulty communicating with the divine. [potion of mutation]
  3059 | D:4      | Gained mutation: Your magical capacity is low (-10% MP). [potion of mutation]
  3059 | D:4      | Gained mutation: You are partially covered in iridescent scales (AC +4). [potion of mutation]
  3277 | D:4      | Became a worshipper of Beogh the Brigand
  3509 | D:4      | Found a staircase to the Ecumenical Temple.
  3622 | D:4      | Reached skill level 11 in Axes
  3755 | D:4      | Found a glowing silver altar of Zin.
  3755 | D:4      | Found an opulent altar of Gozag.
  3755 | D:4      | Noticed Duvessa
  3755 | D:4      | Noticed Dowan
  3772 | D:4      | Killed Duvessa
  3779 | D:4      | Killed Dowan
  3915 | D:4      | Noticed Ijyb
  3917 | D:4      | Found a bloodstained altar of Trog.
  3919 | D:4      | Reached XP level 8. HP: 60/62 MP: 7/7
  3933 | D:4      | Reached skill level 12 in Axes
  3937 | D:4      | HP: 13/62 [Ijyb/enchanted club (8)]
  3942 | D:4      | HP: 17/93 [Ijyb/enchanted club (3)]
  3947 | D:4      | Killed Ijyb
  4268 | D:4      | Found Smookkaf's Assorted Antiques.
  4276 | D:4      | Bought a scroll of remove curse for 51 gold pieces
  4276 | D:4      | Bought a pair of runed boots for 76 gold pieces
  4276 | D:4      | Bought a fizzy grey potion for 15 gold pieces
  4281 | D:4      | Identified a +0 pair of boots of running (You bought it in a shop on level 4 of the Dungeon)
  4720 | D:5      | Entered Level 5 of the Dungeon
  4723 | D:5      | Noticed Pikel
  4800 | D:5      | Got an ancient dagger
  4801 | D:5      | Identified the -1 dagger of Woe {holy, Int+2} (You found it on level 5 of the Dungeon)
  5087 | D:5      | Acquired Beogh's first power
  5333 | D:6      | Reached skill level 13 in Axes
  5566 | D:6      | Found a sand-covered staircase.
  5571 | D:6      | HP: 15/62 [giant frog (5)]
  5572 | D:6      | Reached skill level 14 in Axes
  5579 | Ossuary  | Entered an ossuary
  5841 | Ossuary  | Acquired Beogh's second power
  6077 | Ossuary  | Noticed Menkaure
  6078 | Ossuary  | Killed Menkaure
  6190 | D:6      | Reached XP level 9. HP: 68/68 MP: 8/8
  6716 | D:6      | Gained mutation: You are clumsy. (Dex -2) [mutagenic meat]
  6802 | D:7      | Reached skill level 15 in Axes
  7711 | D:7      | Reached skill level 16 in Axes
  8409 | D:8      | Acquired Beogh's third power
  8472 | D:8      | Noticed Edmund
  8519 | D:8      | Killed Edmund
  8567 | D:8      | Killed Pikel
  8567 | D:8      | Reached skill level 17 in Axes
  8567 | D:8      | Reached XP level 10. HP: 71/74 MP: 9/9
  8610 | D:8      | Noticed an elephant
  8610 | D:8      | Found a staircase to the Lair.
  8631 | D:8      | Killed an elephant
  8915 | D:8      | Noticed Blork the orc
  9254 | D:8      | Noticed Maurice
  9263 | D:8      | Paralysed by something for 3 turns
  9283 | D:8      | Paralysed by something for 7 turns
  9297 | D:8      | Paralysed by Maurice for 5 turns
  9313 | D:8      | Killed Maurice
  9313 | D:8      | Reached skill level 18 in Axes
  9481 | D:8      | Reached skill level 1 in Armour
  9651 | D:8      | Reached skill level 2 in Armour
  9665 | D:8      | Reached skill level 3 in Armour
 10261 | D:9      | Reached skill level 4 in Armour
 10600 | D:9      | Reached skill level 5 in Armour
 11425 | D:9      | Acquired Beogh's fourth power
 11425 | D:9      | Reached skill level 6 in Armour
 11456 | D:9      | Gained Orgrim as an ally
 11459 | D:9      | Blork the orc (ally) was killed
 11459 | D:9      | Your ally died
 11463 | D:9      | Your ally Orgrim died
 11479 | D:9      | Reached XP level 11. HP: 31/80 MP: 9/9
 11483 | D:9      | Reached skill level 7 in Armour
 11745 | D:9      | HP: 25/120 [killer bee (9)]
 11769 | D:9      | Reached skill level 8 in Armour
 12063 | D:10     | Entered Level 10 of the Dungeon
 12887 | D:10     | Reached skill level 9 in Armour
 13691 | D:10     | Reached skill level 10 in Armour
 13703 | D:10     | Gained Geork as an ally
 13720 | D:10     | HP: 20/80 [poisoned by a killer bee]
 13727 | D:10     | HP: 18/80 [poisoned by a killer bee]
 13733 | D:10     | HP: 17/80 [poisoned by a killer bee]
 13739 | D:10     | HP: 17/80 [poisoned by a killer bee]
 13747 | D:10     | HP: 17/80 [poisoned by a killer bee]
 14121 | D:10     | Your ally Geork died
 14380 | Lair:1   | Entered Level 1 of the Lair of Beasts
 14620 | Lair:1   | Gained Nordag as an ally
 14624 | Lair:1   | Acquired Beogh's fifth power
 14836 | Lair:1   | Reached skill level 11 in Armour
 15147 | Lair:1   | Reached skill level 1 in Invocations
 15622 | Lair:1   | Reached skill level 3 in Fighting
 15641 | Lair:1   | Reached skill level 2 in Invocations
 15951 | Lair:2   | Reached skill level 3 in Dodging
 16088 | Lair:2   | Noticed a five-headed hydra
 16151 | Lair:2   | Killed a five-headed hydra
 16151 | Lair:2   | Reached skill level 4 in Fighting
 16151 | Lair:2   | Reached skill level 3 in Invocations
 16151 | Lair:2   | Reached XP level 12. HP: 41/92 MP: 9/17
 16156 | Lair:2   | Reached skill level 4 in Invocations
 16592 | Lair:2   | Identified a scroll of acquirement
 16593 | Lair:2   | Got an ichor-stained executioner's axe
 16594 | Lair:2   | Identified the +1 executioner's axe of Zypuij {elec, rN+ Str+7 Int-5} (You acquired it on level 2 of the Lair of Beasts)
 16609 | Lair:2   | Reached skill level 5 in Fighting
 16609 | Lair:2   | Reached skill level 4 in Dodging
 16865 | Lair:2   | Reached skill level 5 in Invocations
 16891 | Lair:1   | Your ally Nordag died
 17178 | Lair:2   | Reached skill level 6 in Fighting
 17380 | Lair:2   | Reached skill level 6 in Invocations
 17662 | Lair:2   | Reached skill level 5 in Dodging
 17736 | Lair:2   | Got an ichor-stained long sword
 18186 | Lair:3   | Reached skill level 7 in Fighting
 18237 | Lair:3   | Found a labyrinth entrance.
 18250 | Lab      | Entered a labyrinth
 18432 | Lab      | HP: 25/100 [poisoned by a trapdoor spider]
 18437 | Lab      | HP: 22/100 [poisoned by a trapdoor spider]
 18442 | Lab      | HP: 21/100 [poisoned by a trapdoor spider]
 18447 | Lab      | HP: 20/100 [poisoned by a trapdoor spider]
 18454 | Lab      | HP: 20/100 [poisoned by a trapdoor spider]
 18462 | Lab      | HP: 20/100 [poisoned by a trapdoor spider]
 18812 | Lab      | Gained Horkud as an ally
 18865 | Lab      | Noticed a minotaur
 18872 | Lab      | Killed a minotaur
 19085 | Lair:3   | Gained Zorug as an ally
 19192 | Lair:3   | Reached skill level 6 in Dodging
 19256 | Lair:3   | Gained Morbeogh as an ally
 19258 | Lair:3   | Reached skill level 8 in Fighting
 19259 | Lair:3   | Gained Murdo as an ally
 19325 | Lair:3   | Noticed a four-headed hydra
 19330 | Lair:3   | Your ally Murdo died
 19333 | Lair:3   | Your ally Morbeogh died
 19336 | Lair:3   | Killed a four-headed hydra
 19836 | Lair:3   | Reached skill level 9 in Fighting
 20202 | Lair:2   | Lost mutation: You are partially covered in iridescent scales (AC +4). [potion of cure mutation]
 20202 | Lair:2   | Lost mutation: You are clumsy. (Dex -2) [potion of cure mutation]
 20202 | Lair:2   | Lost mutation: Your magical capacity is low (-10% MP). [potion of cure mutation]
 20202 | Lair:2   | Lost mutation: You have difficulty communicating with the divine. [potion of cure mutation]
 20308 | Lair:4   | Reached XP level 13. HP: 97/111 MP: 23/23
 20358 | Lair:4   | HP: 26/111 [wolf[a blink frog] (5)]
 20361 | Lair:4   | Your ally Horkud died
 20371 | Lair:4   | Your ally Zorug died
 20383 | Lair:4   | HP: 25/111 [blink frog (7)]
 20666 | Lair:3   | Reached skill level 7 in Dodging
 20820 | Lair:4   | Reached skill level 10 in Fighting
 21246 | Lair:4   | Noticed Nergalle
 21274 | Lair:4   | Reached skill level 8 in Dodging
 21511 | Lair:4   | You fall through a shaft!
 21511 | Lair:5   | Noticed Erica
 21515 | Lair:5   | Killed Erica
 22261 | Lair:5   | Reached skill level 9 in Dodging
 22418 | Lair:5   | Got a pair of warped gloves
 22429 | Lair:5   | Identified the +0 pair of gloves of Bruzxokk {MP+9 Dex+2 Slay+2} (You acquired it on level 5 of the Lair of Beasts)
 22640 | Lair:6   | Gained Orkwin as an ally
 22755 | Lair:6   | Found a staircase to the Slime Pits.
 22803 | Lair:6   | Found a hole to the Spider Nest.
 23287 | Lair:6   | Found a staircase to the Shoals.
 23378 | Lair:6   | Your ally orc warrior died
 23381 | Lair:6   | Reached skill level 10 in Dodging
 24003 | Lair:7   | Gained Bolgrim as an ally
 24094 | Lair:7   | Gained Okrist as an ally
 24187 | Lair:7   | Reached skill level 11 in Dodging
 24187 | Lair:7   | Reached XP level 14. HP: 116/121 MP: 23/23
 24592 | Lair:8   | Entered Level 8 of the Lair of Beasts
 24601 | Lair:8   | Gained Bogfrid as an ally
 24617 | Lair:8   | Found a frozen archway.
 24636 | IceCv    | Entered an ice cave
 24761 | IceCv    | HP: 28/121 [ice devil (13)]
 24762 | IceCv    | Reached skill level 19 in Axes
 25031 | Lair:8   | Your ally Bogfrid died
 25060 | Lair:8   | Found a dark tunnel.
 25065 | Volcano  | Entered a volcano
 25434 | Lair:8   | Gained Ogrik as an ally
 25450 | Lair:8   | Your ally Orkwin died
 25698 | Lair:8   | Your ally Ogrik died
 25735 | Lair:8   | Reached skill level 20 in Axes
 25760 | Lair:8   | Gained Nordag as an ally
 25768 | Lair:8   | Your ally orc warrior died
 25782 | Lair:8   | Your ally orc warrior died
 25785 | Lair:8   | Your ally orc warrior died
 25807 | Lair:8   | Your ally orc warrior died
 25808 | Lair:8   | Your ally orc warrior died
 25822 | Lair:8   | Got a translucent demon trident
 25845 | Lair:8   | Identified the +10 demon trident of the Wasp {pierce, Str-5 Int+8} (You found it on level 8 of the Lair of Beasts)
 25950 | Lair:8   | Your ally Nordag died
 26036 | Lair:8   | Your ally Bolgrim died
 26746 | Lair:2   | Identified the +8 long sword of Phutomargh {elec, MR+ Int+2} (You found it on level 2 of the Lair of Beasts)
 26953 | D:10     | Killed an unseen horror
 27120 | D:11     | Noticed Psyche
 27127 | D:11     | Killed Psyche
 27379 | D:11     | Gained Milork as an ally
 27704 | D:11     | Found a roughly hewn altar of Beogh.
 28048 | D:12     | Noticed Fannar
 28057 | D:12     | Your ally Okrist died
 28061 | D:12     | Killed Fannar
 28150 | D:12     | Reached skill level 21 in Axes
 28228 | D:12     | Killed Erolcha
 28250 | D:12     | Found a staircase to the Orcish Mines.
 28594 | Orc:1    | Entered Level 1 of the Orcish Mines
 28602 | Orc:1    | Noticed Joseph
 28617 | Orc:1    | Killed Joseph
 28660 | Orc:1    | Found Pracs' Distillery.
 28662 | Orc:1    | Found a shimmering altar of Xom.
 28671 | Orc:1    | Bought a potion of beneficial mutation for 455 gold pieces
 28698 | Orc:1    | Gained mutation: You are partially covered in molten scales (AC +1). [potion of beneficial mutation]
 28753 | Orc:1    | Gained Arbolt as an ally
 29066 | Orc:2    | Found a bloodstained altar of Trog.
 29143 | Orc:3    | Found a bloodstained altar of Trog.
 29189 | Orc:3    | Found a staircase to the Elven Halls.
 29365 | Orc:3    | Gained Berold as an ally
 29428 | Orc:3    | Noticed Harold
 29450 | Orc:3    | Killed Harold
 29718 | Orc:3    | Noticed Nessos
 29726 | Orc:3    | Killed Nessos
 29729 | Orc:3    | Your ally Berold died
 30248 | Orc:4    | Entered Level 4 of the Orcish Mines
 30255 | Orc:4    | Reached XP level 15. HP: 102/126 MP: 24/24
 30348 | Orc:4    | Noticed Donald
 30363 | Orc:4    | Killed Donald
 30455 | Orc:4    | Gained Borgun as an ally
 30481 | Orc:4    | Found a white marble altar of Elyvilon.
 30562 | Orc:4    | Found a roughly hewn altar of Beogh.
 30665 | Orc:4    | Gained Morguth as an ally
 30665 | Orc:4    | Your ally Morguth died
 30675 | Orc:4    | Found Ibunafico's Assorted Antiques.
 30675 | Orc:4    | Found Maaveakou's Antique Armour Shoppe.
 30675 | Orc:4    | Your ally Borgun died
 30681 | Orc:4    | Gained Bogward as an ally
 30682 | Orc:4    | Found Plankef's Book Shop.
 30684 | Orc:4    | Found Qitz's Antique Armour Emporium.
 30692 | Orc:4    | Gained Olfik as an ally
 30698 | Orc:4    | Gained Dorog as an ally
 30862 | Orc:4    | Bought a scroll of blinking for 210 gold pieces
 30862 | Orc:4    | Bought a potion of haste for 280 gold pieces
 31098 | Orc:1    | Reached skill level 22 in Axes
 31188 | D:13     | Found Mnuy's General Store.
 31197 | D:13     | Gained Wargrak as an ally
 31230 | D:13     | Found Welakh's Food Shop.
 31439 | D:13     | Gained Worak as an ally
 31475 | D:13     | Gained Olfik as an ally
 31496 | D:13     | Gained Bogric as an ally
 31572 | D:13     | Gained Rocco as an ally
 31586 | D:13     | Gained Boderik as an ally
 31707 | D:13     | Gained mutation: You are resistant to electric shocks. [mutagenic meat]
 32067 | D:14     | Found a shadowy altar of Dithmenos.
 32229 | D:14     | Found a gate to the Vaults.
 32232 | D:14     | Gained Spirok as an ally
 32516 | D:14     | Gained Wulfoc as an ally
 32523 | D:14     | Reached skill level 23 in Axes
 32835 | D:14     | Gained Wargath as an ally
 32893 | D:15     | Entered Level 15 of the Dungeon
 32907 | D:15     | Gained Bogdar as an ally
 33472 | D:15     | Found a staircase to the Depths.
 33613 | D:15     | Gained Murdo as an ally
 33810 | D:15     | Reached skill level 24 in Axes
 34652 | Spider:1 | Entered Level 1 of the Spider Nest
 35032 | Spider:1 | Reached XP level 16. HP: 65/134 MP: 22/25
 35320 | Spider:1 | Gained Geork as an ally
 35698 | Spider:2 | Your ally Spirok died
 36275 | Spider:2 | Your ally orc warrior died
 36412 | Spider:2 | Reached skill level 25 in Axes
 36412 | Spider:2 | Gained Zartorak as an ally
 36420 | Spider:2 | Your ally Zartorak died
 36436 | Spider:2 | Gained Brunolf as an ally
 36437 | Spider:2 | Got a transparent ring mail
 36716 | Spider:2 | Gained Gorm as an ally
 36725 | Spider:2 | Gained Horkud as an ally
 37891 | Spider:3 | You fall through a shaft!
 37973 | Spider:4 | Reached skill level 26 in Axes
 38167 | Spider:4 | Reached skill level 1 in Evocations
 38732 | Spider:5 | Entered Level 5 of the Spider Nest
 38750 | Spider:5 | Reached skill level 2 in Evocations
 39033 | Spider:5 | Gained Urtork as an ally
 39153 | Spider:5 | Gained Olfrun as an ally
 39542 | Spider:5 | Reached skill level 7 in Invocations
 39609 | Spider:5 | Reached skill level 3 in Evocations
 39609 | Spider:5 | Reached XP level 17. HP: 115/141 MP: 27/27
 39815 | Spider:5 | Got an ancient leather armour
 39823 | Spider:5 | Noticed Frances
 39830 | Spider:5 | Killed Frances
 39845 | Spider:5 | Identified the +1 leather armour of Fanaticism {-Tele +Inv rPois Int+6 Dex+2} (You found it on level 5 of the Spider Nest)
 40072 | Spider:5 | Reached skill level 11 in Fighting
 40211 | Spider:5 | Your ally Olfrun died
 40222 | Spider:5 | Reached skill level 8 in Invocations
 40222 | Spider:5 | Reached skill level 4 in Evocations
 40505 | Spider:5 | Got a gossamer rune of Zot
 41735 | Spider:2 | Reached skill level 12 in Armour
 41830 | Lair:4   | Your ally Boderik died
 41861 | Lair:2   | Identified the +5 ring mail of a volcano {MR+ Str+3 Int-4} (You found it on level 2 of the Spider Nest)
 41861 | Lair:2   | Lost intelligence.
 42090 | Shoals:1 | Entered Level 1 of the Shoals
 42090 | Shoals:1 | Noticed Rupert
 42099 | Shoals:1 | Killed Rupert
 42483 | Shoals:1 | Reached skill level 9 in Invocations
 42589 | Shoals:1 | Gained Arbolt as an ally
 42590 | Shoals:1 | Found Joewalikh's Weapon Shop.
 42723 | Shoals:1 | Noticed Snorg
 42735 | Shoals:1 | Killed Snorg
 43029 | Shoals:2 | Noticed Roxanne
 43030 | Shoals:2 | Found Gros' General Store.
 43046 | Shoals:2 | Killed Roxanne
 43046 | Shoals:2 | Reached skill level 5 in Evocations
 43054 | Shoals:2 | Reached skill level 12 in Fighting
 43461 | Shoals:2 | Found Izagri's Antique Armour Boutique.
 43524 | Shoals:2 | Found Kinwept's General Store.
 43542 | Shoals:2 | Bought a scroll of enchant armour for 135 gold pieces
 43542 | Shoals:2 | Bought a potion of mutation for 45 gold pieces
 43542 | Shoals:2 | Bought a scroll of magic mapping for 63 gold pieces
 43542 | Shoals:2 | Bought a potion of lignification for 54 gold pieces
 43867 | Shoals:2 | Gained mutation: You possess an exceptional clarity of mind. [potion of beneficial mutation]
 43877 | Shoals:2 | Your ally Urtork died
 43880 | Shoals:2 | Found Thothog's Assorted Antiques.
 43905 | Shoals:2 | Bought a twisted ruby amulet for 135 gold pieces
 44307 | Shoals:3 | Gained Wargath as an ally
 44563 | Shoals:3 | Reached skill level 12 in Dodging
 44658 | Shoals:3 | Reached XP level 18. HP: 146/154 MP: 30/30
 45157 | Shoals:4 | Reached skill level 10 in Invocations
 45224 | Shoals:4 | Reached skill level 6 in Evocations
 45732 | Shoals:4 | Killed Uberwunderbarhen's ghost
 45833 | Shoals:5 | Entered Level 5 of the Shoals
 45905 | Shoals:5 | Noticed Ilsuiw
 45913 | Shoals:5 | Reached skill level 13 in Armour
 45915 | Shoals:5 | Killed Ilsuiw
 46487 | Shoals:5 | Your ally Wargath died
 46492 | Shoals:5 | Your ally Wulfoc died
 46601 | Shoals:5 | Reached skill level 7 in Evocations
 46754 | Shoals:5 | Reached skill level 13 in Fighting
 46776 | Shoals:5 | Got a pitted greatsling
 46777 | Shoals:5 | Identified the +7 greatsling of Ash {freeze, -Cast Contam +Fly Int+4 Dex+3} (You found it on level 5 of the Shoals)
 46986 | Shoals:5 | Your ally orc knight died
 46990 | Shoals:5 | Your ally orc warrior died
 46997 | Shoals:5 | Your ally orc warrior died
 46999 | Shoals:5 | Your ally orc warrior died
 47010 | Shoals:5 | Your ally orc warlord died
 47404 | Shoals:5 | Reached skill level 11 in Invocations
 47420 | Shoals:5 | Your ally orc warrior died
 47421 | Shoals:5 | Your ally orc warrior died
 47426 | Shoals:5 | Your ally orc warrior died
 47439 | Shoals:5 | Got a barnacled rune of Zot
 48221 | Shoals:5 | Reached skill level 8 in Evocations
 49053 | Depths:1 | Entered Level 1 of the Depths
 49236 | Depths:1 | Gained Ugbert as an ally
 49430 | Depths:1 | Gained Boldo as an ally
 49430 | Depths:1 | Reached XP level 19. HP: 162/165 MP: 32/32
 49474 | Depths:1 | Gained Brunolf as an ally
 49485 | Depths:1 | Your ally Brunolf died
 49488 | Depths:1 | Reached skill level 12 in Invocations
 49505 | Depths:1 | Your ally Ugbert died
 49508 | Depths:1 | Your ally Boldo died
 49509 | Depths:1 | Gained Jorge as an ally
 49973 | Depths:1 | Gained Syrus as an ally
 49980 | Depths:1 | Gained Gorg as an ally
 49985 | Depths:1 | Reached skill level 9 in Evocations
 50085 | Depths:1 | Found a one-way gate to the infinite horrors of the Abyss.
 50113 | Depths:1 | Reached skill level 14 in Fighting
 50179 | Depths:1 | Reached skill level 14 in Armour
 50540 | Depths:1 | Your ally Syrus died
 50540 | Depths:1 | Your ally Jorge died
 50547 | Depths:1 | Found a gateway to Hell.
 51393 | Depths:2 | Noticed Saint Roka
 51400 | Depths:2 | Reached skill level 13 in Dodging
 51414 | Depths:2 | Killed Saint Roka
 51440 | Depths:2 | Gained Bogmar as an ally
 51579 | Depths:2 | Got a translucent hand crossbow
 51580 | Depths:2 | Identified the cursed +1 hand crossbow of Iklottar {freeze, rElec rF+} (You took it off a vampire on level 2 of the Depths)
 51607 | Depths:2 | Reached skill level 13 in Invocations
 51766 | Depths:2 | Reached skill level 10 in Evocations
 52039 | Depths:2 | Your ally Bogmar died
 52058 | Depths:2 | Your ally Gorg died
 52061 | Depths:2 | HP: 40/168 [rakshasa/trident[an ice dragon] (9)]
 52066 | Depths:2 | HP: 30/168 [death yak[a stone giant] (6)]
 52113 | Depths:2 | HP: 39/168 [eidolon/bolt of negative energy (6)]
 52205 | Depths:2 | Paralysed by a giant eyeball for 4 turns
 52492 | Depths:2 | Reached XP level 20. HP: 175/177 MP: 34/34
 52591 | Depths:2 | Reached XP level 21. HP: 181/183 MP: 35/35
 52735 | Depths:2 | Reached skill level 15 in Fighting
 53025 | Depths:2 | Noticed an ancient lich
 53035 | Depths:2 | Killed an ancient lich
 53035 | Depths:2 | Gained Olfik as an ally
 53035 | Depths:2 | Reached skill level 15 in Armour
 53050 | Depths:2 | Got a faintly glowing cloak
 53061 | Depths:2 | Identified the -6 cloak "Mulirremm" {rPois Int+3 Dex+2} (You acquired it on level 2 of the Depths)
 53100 | Depths:2 | Reached skill level 14 in Invocations
 53100 | Depths:2 | Reached skill level 11 in Evocations
 53307 | Depths:2 | Noticed Maud
 53324 | Depths:2 | Killed Maud
 53901 | Depths:3 | Found a gateway to a ziggurat.
 53915 | Depths:3 | Gained Arbolt as an ally
 53961 | Depths:3 | Got a steaming pewter amulet
 53963 | Depths:3 | Identified the amulet of Icuen {Clar rElec} (You found it on level 3 of the Depths)
 53967 | Depths:3 | Your ally Arbolt died
 54353 | Depths:3 | Gained Arkwar as an ally
 54640 | Depths:3 | Your ally Arkwar died
 54659 | Depths:3 | Found a one-way gate leading to the halls of Pandemonium.
 54696 | Depths:3 | Gained Rocco as an ally
 55265 | Depths:3 | Gained Borgoth as an ally
 55380 | Depths:3 | Noticed a greater mummy
 55390 | Depths:3 | Killed a greater mummy
 55435 | Depths:3 | Your ally Rocco died
 55946 | Depths:3 | Reached skill level 15 in Invocations
 56186 | Depths:4 | Your ally Borgoth died
 56224 | Depths:4 | Gained Alork as an ally
 56224 | Depths:4 | Reached skill level 16 in Fighting
 56231 | Depths:4 | Gained Olfrun as an ally
 56320 | Depths:4 | Reached skill level 12 in Evocations
 56324 | Depths:4 | Noticed Mara
 56325 | Depths:4 | Noticed Pikaro's illusion
 56335 | Depths:4 | Your ally Olfrun died
 56344 | Depths:4 | Your ally Alork died
 56350 | Depths:4 | Killed Mara
 56350 | Depths:4 | Reached skill level 14 in Dodging
 56350 | Depths:4 | Reached XP level 22. HP: 115/195 MP: 37/37
 56773 | Depths:4 | Noticed a caustic shrike
 56787 | Depths:4 | Killed a caustic shrike
 56800 | Depths:4 | Gained Wardok as an ally
 56800 | Depths:4 | Reached skill level 16 in Armour
 56806 | Depths:4 | Gained Brunolf as an ally
 56918 | Depths:4 | Your ally Wardok died
 56929 | Depths:4 | Gained Bolgrim as an ally
 57084 | Depths:4 | Your ally Brunolf died
 57199 | Depths:4 | Found Fomor's Jewellery Boutique.
 58010 | Depths:4 | Reached skill level 16 in Invocations
 58130 | Depths:5 | Entered Level 5 of the Depths
 58142 | Depths:5 | Found Ywueg's Armour Shop.
 58146 | Depths:5 | Got a bloodstained ring mail
 58325 | Depths:5 | Found a gate to the Realm of Zot.
 58508 | Depths:5 | Reached skill level 13 in Evocations
 58978 | Depths:5 | Reached skill level 17 in Fighting
 59170 | Depths:5 | Your ally Bolgrim died
 60068 | Vaults:1 | Entered Level 1 of the Vaults
 60127 | Vaults:1 | Found Uzuwilea's Jewellery Boutique.
 60132 | Vaults:1 | Reached XP level 23. HP: 205/205 MP: 38/38
 60156 | Vaults:1 | Found Lammor's Jewellery Emporium.
 60179 | Vaults:1 | Your ally Olfik died
 60181 | Vaults:1 | Gained Murdo as an ally
 60181 | Vaults:1 | Gained Murdo as an ally
 60230 | Vaults:1 | Bought a +1 ring of slaying for 96 gold pieces
 60249 | Vaults:1 | Found Zash's Gadget Shop.
 60260 | Vaults:1 | Your ally Geork died
 60263 | Vaults:1 | Reached XP level 24. HP: 214/214 MP: 39/39
 60279 | Vaults:1 | Reached skill level 17 in Invocations
 60284 | Vaults:1 | Gained Alork as an ally
 60301 | Vaults:1 | Your ally orc warrior died
 60551 | Vaults:1 | Gained Garbold as an ally
 60573 | Vaults:1 | Reached skill level 17 in Armour
 60617 | Vaults:1 | Your ally Dorog died
 61104 | Vaults:1 | Gained Boghold as an ally
 61115 | Vaults:1 | Your ally Boghold died
 61117 | Vaults:1 | Gained Bolgrim as an ally
 61124 | Vaults:1 | Your ally Bolgrim died
 61132 | Vaults:1 | Reached skill level 15 in Dodging
 61160 | Vaults:1 | Your ally Brunolf died
 61347 | Vaults:1 | Gained Geork as an ally
 61351 | Vaults:1 | Your ally Geork died
 61353 | Vaults:1 | Your ally Horkud died
 61365 | Vaults:1 | Gained Grimold as an ally
 61372 | Vaults:1 | Your ally Grimold died
 61518 | Vaults:1 | Your ally Wargrak died
 61520 | Vaults:1 | Your ally Gorm died
 61572 | Vaults:1 | Reached skill level 14 in Evocations
 61575 | Vaults:1 | Gained Beowulf as an ally
 61730 | Vaults:2 | Found Yrizoiq's Antique Armour Shop.
 61762 | Vaults:2 | Gained Morbeogh as an ally
 61803 | Vaults:2 | Gained Geork as an ally
 62008 | Vaults:2 | Gained Urtork as an ally
 62008 | Vaults:2 | Reached skill level 18 in Fighting
 62017 | Vaults:2 | Gained Morbeogh as an ally
 62094 | Vaults:2 | Killed Wiglaf
 62179 | Vaults:2 | Your ally Murdo died
 62400 | Vaults:2 | Found a staircase to the Crypt.
 62400 | Vaults:2 | Found a basalt altar of Yredelemnul.
 62401 | Vaults:2 | Found an ancient bone altar of Kikubaaqudgha.
 62509 | Vaults:2 | Gained Wardok as an ally
 62602 | Vaults:2 | Gained Harm as an ally
 62608 | Vaults:2 | Got a distressingly furry helmet
 62619 | Vaults:2 | Identified the -1 helmet "Wuhic" {Regen+ Str-4 Int+5} (You acquired it on level 2 of the Vaults)
 62759 | Vaults:2 | Your ally Garbold died
 62770 | Vaults:2 | Your ally Murdo died
 62771 | Vaults:2 | Your ally Wardok died
 62860 | Vaults:2 | Found Ihuwanaop's Distillery.
 63070 | Vaults:2 | Your ally Geork died
 63202 | Vaults:2 | Found Meot's Book Emporium.
 63269 | Vaults:2 | Your ally Olfik died
 63270 | Vaults:2 | Your ally Alork died
 63276 | Vaults:2 | Gained Ugbert as an ally
 63477 | Crypt:1  | Entered Level 1 of the Crypt
 63486 | Crypt:1  | Reached skill level 18 in Invocations
 63797 | Crypt:1  | Gained Thorok as an ally
 63837 | Crypt:1  | Reached XP level 25. HP: 209/225 MP: 40/40
 63954 | Crypt:1  | Gained Morun as an ally
 64160 | Crypt:1  | Gained Orgrim as an ally
 64790 | Crypt:2  | Your ally Thorok died
 64904 | Crypt:2  | Reached skill level 18 in Armour
 65181 | Crypt:2  | Reached skill level 15 in Evocations
 65971 | Crypt:2  | Gained Nordag as an ally
 66205 | Crypt:3  | Entered Level 3 of the Crypt
 66708 | Crypt:3  | Reached skill level 19 in Fighting
 66903 | Crypt:3  | Found a staircase to the Tomb.
 67089 | Crypt:3  | Got a flickering copper ring
 67091 | Crypt:3  | Identified the ring of Frangui {Wiz Contam MR++ Int+6} (You found it on level 3 of the Crypt)
 67176 | Crypt:3  | Gained Bogrim as an ally
 67251 | Crypt:3  | Got a slimy silver ring
 67251 | Crypt:3  | Got a fine golden ring
 67251 | Crypt:3  | Got a brightly glowing bone ring
 67304 | Crypt:3  | Identified the ring "Umainy" {rN+ MP+9} (You found it on level 3 of the Crypt)
 67306 | Crypt:3  | Identified the ring "Ghottat" {-Tele rElec rC++ rN+ Str+2} (You found it on level 3 of the Crypt)
 67308 | Crypt:3  | Identified the ring of the Princeling {+Fly rN+ Str+7 Int+3 Dex-2} (You found it on level 3 of the Crypt)
 67422 | Crypt:3  | Reached skill level 19 in Invocations
 67465 | Crypt:3  | Found an ancient bone altar of Kikubaaqudgha.
 67466 | Crypt:3  | Noticed an ancient lich
 67473 | Crypt:3  | Killed an ancient lich
 67869 | Crypt:3  | Your ally Orgrim died
 68555 | Vaults:3 | Reached skill level 16 in Dodging
 68561 | Vaults:3 | Reached XP level 26. HP: 234/234 MP: 41/41
 68638 | Vaults:3 | Gained Bolgrim as an ally
 68713 | Vaults:3 | Your ally Beowulf died
 68717 | Vaults:3 | Gained Morguth as an ally
 68911 | Vaults:3 | Reached skill level 16 in Evocations
 69327 | Vaults:3 | Gained Boghold as an ally
 69460 | Vaults:3 | Gained Marbaugh as an ally
 69483 | Vaults:3 | Identified a +8 iron rod (14/14) (You found it on level 2 of the Depths)
 69656 | Vaults:3 | Gained Hilgar as an ally
 69780 | Vaults:4 | Gained Koronagh as an ally
 69909 | Vaults:4 | Noticed Agnes
 69915 | Vaults:4 | Killed Agnes
 69959 | Vaults:4 | Your ally Arbolt died
 69963 | Vaults:4 | Your ally Bogdar died
 70115 | Vaults:4 | Your ally Murdo died
 70122 | Vaults:4 | Your ally Urtork died
 70220 | Vaults:4 | Reached skill level 19 in Armour
 70619 | Vaults:4 | Gained Berold as an ally
 70857 | Vaults:4 | Reached skill level 20 in Invocations
 71321 | Vaults:5 | Entered Level 5 of the Vaults
 71331 | Vaults:5 | Reached skill level 20 in Fighting
 71361 | Vaults:5 | Gained Gorg as an ally
 71362 | Vaults:5 | Your ally Gorg died
 71366 | Vaults:5 | Gained Warrok as an ally
 71369 | Vaults:5 | HP: 51/239 [stone giant/large rock (15)]
 71770 | Vaults:5 | Your ally Arbolt died
 71919 | Vaults:5 | Gained Zartorak as an ally
 72080 | Vaults:5 | Gained Orik as an ally
 72100 | Vaults:5 | Your ally Orik died
 72105 | Vaults:5 | Your ally Ugbert died
 72113 | Vaults:5 | Reached XP level 27. HP: 225/246 MP: 42/42
 72122 | Vaults:5 | Your ally orc knight died
 72129 | Vaults:5 | Reached skill level 17 in Evocations
 72138 | Vaults:5 | Got a dazzling dagger
 72138 | Vaults:5 | Got a faintly glowing robe
 72149 | Vaults:5 | Identified the +2 robe of Gravity {rElec MR+ Int-4 SInv Stlth+} (You took it off an ironbrand convoker on level 5 of the Vaults)
 72159 | Vaults:5 | Identified the +12 dagger "Pyxo" {freeze, +Inv rElec} (You took it off an ironbrand convoker on level 5 of the Vaults)
 72192 | Vaults:5 | Your ally orc warrior died
 72242 | Vaults:5 | Your ally orc warrior died
 72247 | Vaults:5 | Your ally orc warrior died
 72248 | Vaults:5 | Your ally Morun died
 72302 | Vaults:5 | Your ally orc warrior died
 72302 | Vaults:5 | Your ally Harm died
 72306 | Vaults:5 | Your ally orc warrior died
 72308 | Vaults:5 | Your ally orc warrior died
 72317 | Vaults:5 | Got a crude hunting sling
 72452 | Vaults:5 | Your ally orc warrior died
 72458 | Vaults:5 | Your ally Morguth died
 72548 | Vaults:5 | Your ally orc warrior died
 72557 | Vaults:5 | Gained Bogdar as an ally
 72834 | Vaults:5 | Your ally Bolgrim died
 72846 | Vaults:5 | Your ally Boghold died
 72863 | Vaults:5 | Your ally Zartorak died
 73079 | Vaults:5 | Your ally Koronagh died
 73103 | Vaults:5 | Got a faintly humming ice dragon armour {rC++, rF-}
 73342 | Vaults:5 | Reached skill level 17 in Dodging
 73361 | Vaults:5 | Got a silver rune of Zot
 73846 | Elf:1    | Entered Level 1 of the Elven Halls
 73913 | Elf:1    | Gained Bolgrim as an ally
 73925 | Elf:1    | Gained Alork as an ally
 73925 | Elf:1    | Paralysed by a giant eyeball for 2 turns
 73937 | Elf:1    | Paralysed by a giant eyeball for 2 turns
 74036 | Elf:1    | Identified the +4 ice dragon armour of Gluttony {rF- rC++ Str+2 SInv, rC++, rF-} (You took it off a deep elf high priest on level 5 of the Vaults)
 74202 | Elf:1    | Noticed Kirke
 74212 | Elf:1    | Killed Kirke
 74487 | Elf:1    | Reached skill level 21 in Invocations
 74650 | Elf:1    | Found a burning altar of Makhleb.
 75113 | Elf:2    | Found Koemn's Distillery.
 75131 | Elf:2    | Bought a potion of agility for 52 gold pieces
 75131 | Elf:2    | Bought a potion of berserk rage for 65 gold pieces
 75131 | Elf:2    | Bought a potion of might for 52 gold pieces
 75131 | Elf:2    | Bought a potion of heal wounds for 65 gold pieces
 75131 | Elf:2    | Bought a potion of curing for 39 gold pieces
 75131 | Elf:2    | Bought a potion of beneficial mutation for 455 gold pieces
 75131 | Elf:2    | Bought a potion of invisibility for 104 gold pieces
 75131 | Elf:2    | Bought a potion of resistance for 130 gold pieces
 75131 | Elf:2    | Bought a potion of curing for 39 gold pieces
 75131 | Elf:2    | Bought a potion of restore abilities for 65 gold pieces
 75131 | Elf:2    | Bought a potion of heal wounds for 65 gold pieces
 75131 | Elf:2    | Bought a potion of heal wounds for 65 gold pieces
 75131 | Elf:2    | Gained mutation: You are surrounded by a mild repulsion field (EV +2). [potion of beneficial mutation]
 75144 | Elf:2    | Reached skill level 20 in Armour
 75414 | Elf:2    | Found a huge runed gate.
 75414 | Elf:2    | Found a huge runed gate.
 75416 | Elf:2    | Found a huge runed gate.
 75416 | Elf:2    | Found a huge runed gate.
 75416 | Elf:2    | Found a huge runed gate.
 75560 | Elf:2    | Gained Olfrun as an ally
 75634 | Elf:2    | Reached skill level 21 in Fighting
 75697 | Elf:2    | Gained Wargrak as an ally
 75880 | Elf:3    | Entered Level 3 of the Elven Halls
 76539 | Elf:3    | Gained Brunolf as an ally
 76541 | Elf:3    | HP: 62/250 [balrug/divine providence[a deep elf demonologist] (10)]
 76541 | Elf:3    | Your ally Bolgrim died
 76543 | Elf:3    | Your ally Brunolf died
 76544 | Elf:3    | Your ally Olfrun died
 76544 | Elf:3    | HP: 24/250 [deep elf priest/divine providence (14)]
 76549 | Elf:3    | Your ally Alork died
 76555 | Elf:3    | HP: 25/250 [poisoned by a deep elf annihilator (poison arrow)]
 76564 | Elf:3    | Your ally Wargrak died
 76585 | Elf:3    | Gained mutation: Potions and wands are less effective at restoring your health. [a cacodemon]
 76632 | Elf:3    | SaintRoka: make a tunnel in the wall
 76637 | Elf:3    | SaintRoka: you know, killing hole :)
 76638 | Elf:3    | Pikaro: hm never did that before
 76638 | Elf:3    | SaintRoka: so they can attack you just one by one
 76638 | Elf:3    | SaintRoka: dig diagonally
 76638 | Elf:3    | Pikaro: ah right, they can't blast me then...
 76638 | Elf:3    | SaintRoka: then wand of disintegration
 76644 | Elf:3    | SaintRoka: careful now
 76644 | Elf:3    | Pikaro: but I think I should better get out of here
 76644 | Elf:3    | SaintRoka: yeah
 76978 | Elf:3    | Reached skill level 18 in Evocations
 76986 | Elf:3    | SaintRoka: i'll show you the trick
 76994 | Elf:3    | SaintRoka: w8
 76994 | Elf:3    | SaintRoka: now
 76994 | Elf:3    | Pikaro: yeah I know it
 76994 | Elf:3    | SaintRoka: use waand of disintegration
 76994 | Elf:3    | SaintRoka: north east
 76994 | Elf:3    | Pikaro: but I don't have disintegration with me
 76994 | Elf:3    | SaintRoka: :)
 76994 | Elf:3    | Pikaro: also, they seem to have dispersed around the level now, easy to pick apart
 76994 | Elf:3    | SaintRoka: well
 77023 | Elf:3    | Pikaro: ok they didn't
 77068 | Elf:3    | Got an ancient great sword
 77432 | Elf:3    | Got a scorched trident
 77433 | Elf:3    | Identified the +5 great sword of Distant Worlds {slice, +Inv +Fly Str+4} (You took it off a deep elf knight on level 3 of the Elven Halls)
 77434 | Elf:3    | Identified the +6 trident of Prudence {pierce, +Inv rC+ Int+3 Dex-3} (You took it off a deep elf annihilator on level 3 of the Elven Halls)
 77588 | Elf:3    | Got a shimmering flail
 77589 | Elf:3    | Identified the cursed +1 flail "Ilisch" {antimagic, rElec} (You took it off a deep elf priest on level 3 of the Elven Halls)
 77604 | Elf:3    | Got a shimmering shortbow
 77605 | Elf:3    | Identified the +9 shortbow "Ycog" {flame, rElec Dex+4} (You took it off a deep elf priest on level 3 of the Elven Halls)
 77610 | Elf:3    | Got a smoking steel ring
 77612 | Elf:3    | Identified the ring of Disaster {SustAb SInv} (You took it off a deep elf priest on level 3 of the Elven Halls)
 78127 | Zot:1    | Entered Level 1 of the Realm of Zot
 78268 | Zot:1    | Got a transparent hand crossbow
 78269 | Zot:1    | Identified the +8 hand crossbow "Earthworm" {elec, rN+ Dex+4} (You found it on level 1 of the Realm of Zot)
 78286 | Zot:1    | Your ally Wargath died
 78571 | Zot:1    | Noticed an ancient lich
 78580 | Zot:1    | Nergalle (ally) was killed
 78580 | Zot:1    | Your ally died
 78592 | Zot:1    | Noticed an orb of fire
 78592 | Zot:1    | Your ally Olfik died
 78594 | Zot:1    | Reached skill level 22 in Invocations
 78595 | Zot:1    | Your ally Bogward died
 78596 | Zot:1    | Your ally Nordag died
 78597 | Zot:1    | Your ally Bogrim died
 78599 | Zot:1    | Killed an ancient lich
 78600 | Zot:1    | Your ally Milork died
 78602 | Zot:1    | Your ally Morbeogh died
 78603 | Zot:1    | HP: 53/253 [orb of fire/bolt of fire (13)]
 78605 | Zot:1    | Your ally Berold died
 78613 | Zot:1    | Your ally Hilgar died
 78614 | Zot:1    | Your ally Bogric died
 78619 | Zot:1    | Your ally Bogdar died
 78632 | Zot:1    | Your ally Worak died
 79040 | Zot:1    | Gained Boruk as an ally
 79053 | Zot:1    | Your ally Boruk died
 79055 | Zot:1    | Your ally Warrok died
 79063 | Zot:1    | Your ally Marbaugh died
 79107 | Zot:1    | Gained mutation: You are frail (-10% HP). [an orb of fire]
 79109 | Zot:1    | Your ally Morbeogh died
 79116 | Zot:1    | Killed an orb of fire
 79166 | Zot:1    | Your ally Rocco died
 79182 | Zot:1    | Gained Learuk as an ally
 79193 | Zot:1    | Your ally Learuk died
 79400 | Depths:1 | Gained Ognian as an ally
 79559 | Vaults:1 | Bought an uncursed amulet of resist mutation for 640 gold pieces
 79709 | Depths:1 | Gained Berold as an ally
 79974 | Zot:1    | Gained Warrok as an ally
 79974 | Zot:1    | Your ally Warrok died
 80012 | Zot:1    | Reached skill level 22 in Fighting
 80300 | Zot:3    | Gained Herok as an ally
 80328 | Zot:3    | Your ally Herok died
 80335 | Zot:3    | Reached skill level 21 in Armour
 80447 | Zot:4    | Gained Bolgrim as an ally
 80669 | Zot:5    | Entered Level 5 of the Realm of Zot
 80722 | Zot:5    | Reached skill level 19 in Evocations
 80771 | Zot:5    | Reached skill level 18 in Dodging
 80778 | Zot:5    | Noticed an orb of fire
 80778 | Zot:5    | Gained Beowulf as an ally
 80783 | Zot:5    | Your ally Beowulf died
 80794 | Zot:5    | Noticed an orb of fire
 80797 | Zot:5    | Gained mutation: You are weak. (Str -2) [an orb of fire]
 80800 | Zot:5    | Your ally Bolgrim died
 80804 | Zot:5    | HP: 40/228 [orb of fire/fireball (19)]
 80824 | Zot:5    | HP: 49/228 [orb of fire/bolt of fire (14)]
 80828 | Zot:5    | Killed an orb of fire
 80845 | Zot:5    | Noticed an ancient lich
 80863 | Zot:5    | HP: 29/229 [disintegration (35)]
 80864 | Zot:5    | Killed an ancient lich
 80919 | Zot:4    | HP: 44/229 [pale draconian/ball of steam (10)]
 81029 | Zot:4    | Noticed an orb of fire
 81394 | Zot:5    | Noticed an ancient lich
 81401 | Zot:5    | Killed an orb of fire
 81420 | Zot:5    | Gained Bolgrim as an ally
 81439 | Zot:5    | Reached skill level 23 in Invocations
 81450 | Zot:5    | Got the Orb of Zot
 81562 | Zot:5    | Your ally Bolgrim died
 81742 | Depths:5 | Noticed Ghaema the pandemonium lord
 81879 | Depths:1 | Noticed Twyiwis the pandemonium lord
 81883 | Depths:1 | Your ally Ognian died
 81883 | Depths:1 | Your ally Berold died
 82188 | D:$      | Escaped with the Orb!

Action                   |  1- 3 |  4- 6 |  7- 9 | 10-12 | 13-15 | 16-18 | 19-21 | 22-24 | 25-27 || total
-------------------------+-------+-------+-------+-------+-------+-------+-------+-------+-------++-------
Melee: War axe           |   118 |   167 |   719 |   662 |       |       |       |       |       ||  1666
       Executioner's axe |       |       |       |   246 |   991 |  1220 |   807 |   969 |  2016 ||  6249
       Staff             |       |       |       |    14 |       |       |       |       |       ||    14
Throw: Throwing net      |       |       |       |     1 |       |       |       |       |       ||     1
Invok: Convert to Beogh  |       |       |     1 |       |       |       |       |       |       ||     1
       Smiting           |       |       |     2 |     3 |     3 |    16 |     5 |       |     3 ||    32
       Recall Orcish Fol |       |       |       |     4 |    14 |     5 |       |     2 |     8 ||    33
       Give Item to Name |       |       |       |       |     3 |     9 |     2 |       |    12 ||    26
Evoke: Wand              |       |       |       |       |       |       |       |       |     6 ||     6
       Fan of gales      |       |       |       |       |       |       |       |       |     2 ||     2
  Use: Scroll            |     6 |     4 |     7 |    20 |    12 |     5 |     5 |     3 |    24 ||    86
       Potion            |       |     5 |     6 |    13 |     3 |     3 |     6 |     1 |    30 ||    67
 Stab: Sleeping          |     1 |       |       |       |       |       |       |       |       ||     1
       Distracted        |       |       |       |     8 |    10 |    10 |    14 |     8 |    18 ||    68
       Invisible         |       |       |       |       |     8 |       |     3 |     2 |       ||    13
       Paralysed         |       |       |       |       |       |     1 |     2 |     1 |       ||     4
       Fleeing           |       |       |       |       |       |     1 |       |       |       ||     1
       Confused          |       |       |       |       |       |       |     1 |       |       ||     1
  Eat: Chunk             |     1 |     7 |    19 |    18 |    34 |    48 |    12 |    23 |    27 ||   189
       Bread ration      |       |       |       |     3 |     1 |       |       |       |       ||     4
       Meat ration       |       |       |       |     1 |     2 |       |     2 |       |     9 ||    14
       Pizza             |       |       |       |       |       |     1 |       |       |       ||     1

Vault maps used:
D:1:      lightli_arrival_lavapool, kennysheep_doodads, ashenzari_altar_1
D:2:      nicolae_overflow_quartered_altars
D:4:      grunt_temple_overflow_gold_and_silver, overflow_temple_1_default,
          grunt_temple_overflow_open, minmay_temple_entry_statues_pillars,
          serial_shops, shop_statue, minmay_liquid_box, st_stairs_12, uniq_iyjb,
          uniq_duvessa
D:5:      first_bread, supply_closet_lemuel, uniq_crazy_yiuf_cottage, uniq_pikel
D:6:      lightli_ossuary_entry_decrepit_ruins
D:8:      david_lair_generic, uniq_maurice, uniq_blork_the_orc, uniq_edmund
D:9:      special_room, hangedman_little_slice_of_home
D:10:     serial_bayou, serial_bayou_lagoon_a, serial_bayou_shore_b,
          serial_bayou_pond_c, serial_bayou_pond_c, serial_bayou_ford_a,
          serial_bayou_pond_b
D:11:     serial_column_ruins, column_ruins_hut, column_ruins_open_tiny,
          column_ruins_columns_straight, column_ruins_corridor_dead_end,
          column_ruins_corridor_straight, hangedman_decor_riveting,
          david_defended_altar_orc, uniq_psyche
D:12:     minmay_orc_entry_guard_dogs, hangedman_decor_diamond_cutter,
          uniq_erolcha, uniq_fannar
D:13:     special_room, serial_shops, nicolae_shop_behind_doors, shop
D:14:     david_vaults_2, minmay_misc_feat_roman, roderic_lattice_a,
          minmay_crystal_room, grunt_dithmenos_shadows
D:15:     grunt_enter_depths_snipers, amethyst_killhole
Lair:1:   wad_woods_road_04
Lair:2:   minivault_29, infiniplex_staircase_pool, grunt_megastairs_3,
          serial_bayou_shore_b
Lair:3:   lab_entry_generic
Lair:4:   nicolae_quartered_pool_little, lemuel_fruit_tree,
          infiniplex_staircase_pool_2, uniq_nergalle
Lair:5:   uniq_erica
Lair:6:   elwin_shoals_entry_rocks, spider_nest_entry_web_field,
          minmay_slime_entry_pillars
Lair:7:   minmay_lair_venomous_thicket
Lair:8:   minmay_lair_end_frog_pond, portal_ice_cave_entry_ice_beasts,
          enter_volcano_4
Shoals:1: serial_shops, shop_statue, nicolae_shoals_circle_sea_wall, uniq_snorg,
          uniq_rupert
Shoals:2: serial_shops, shop, nicolae_shop_competitors_out_of_business,
          nicolae_shop_competitors_out_of_business, shop,
          nicolae_shoals_kraken_intersection, uniq_roxanne
Shoals:3: cheibrodos_shoals_roost, ldierk_geyser
Shoals:5: shoals_end_simple, shoals_ilsuiw_alternative
Spider:2: nicolae_spider_mines_1
Spider:3: spiders_nest_scorpion_pit, nicolae_spider_cling_halls
Spider:5: spider_rune_water, nicolae_spider_circle_web, uniq_frances
Orc:1:    serial_shops, shop, basic_altar, uniq_joseph
Orc:2:    basic_altar, nicolae_orc_crystal_geode
Orc:3:    nicolae_orc_pool_cavern, bloody_trog, uniq_nessos, uniq_harold
Orc:4:    st_orc_rangers, special_room, basic_altar, minmay_orc_temple_a,
          uniq_donald
Elf:1:    basic_altar, kennysheep_underground_church, minivault_25_ag,
          nrook_mini_backslash, st_stairs_5, onia_ninara_cookie, uniq_kirke
Elf:2:    serial_shops, shop
Elf:3:    elf_hall
Vaults:1: dpeg_vaults_monster_row, v_misc_29, st_smaller_cells,
          grunt_vaults_hallway_short, v_misc_22, vaults_mumra_hex,
          ontoclasm_vaults_claustrophobia, nicolae_vaults_stairing_the_circle,
          nicolae_vaults_big_angled_halls, ontoclasm_vaults_eye,
          nicolae_vaults_border_crossing, serial_shops, nicolae_shop_trees,
          shop_statue, shop
Vaults:2: nicolae_vaults_diagonal_hallway_8, minmay_crypt_entry_necro_gods,
          nicolae_vaults_disjoint_gnomons, v_misc_17, hangedman_vaults_slice,
          vaults_room_large_hall, v_misc_9, grunt_vaults_diagonal,
          vaults_room_grid, grunt_vaults_bifocal, st_more_cells, v_misc_9,
          serial_shops, shop, shop, nicolae_shop_trees, uniq_wiglaf
Vaults:3: v_misc_28, grunt_vaults_hallway_short, kb_rosetta,
          dpeg_vaults_monster_box, hangedman_vaults_hat, vaults_dpeg_cross,
          hangedman_vaults_stretched_pinwheel, ontoclasm_vaults_ligature,
          hangedman_vaults_unwind, vaults_mumra_minichess_inversion,
          ontoclasm_vaults_chip
Vaults:4: v_misc_28, vaults_dpeg_encased_lava, v_rooms_2, v_misc_19, v_misc_5,
          ontoclasm_vaults_fault, nicolae_vaults_windows_and_doors_thing,
          hangedman_vaults_corner, vaults_room_fancy_cross,
          grunt_vaults_hallway_short, v_misc_17, uniq_agnes
Vaults:5: serial_shops
Crypt:1:  crypt_curse_skull
Crypt:2:  crypt_curse_skull, serial_sigils_hangedman_snap
Crypt:3:  quadcrypt_mu
Depths:1: hellmouth_1, abyss_entry, minmay_misc_feat_square, lemuel_statue_altar
Depths:2: lemuel_river_lethe, hell_entry, uniq_saint_roka
Depths:3: lemuel_minitomb, enter_ziggurat_a, pan_entry,
          pf_vacation_house_of_asmodeus, marbit_kobold_abyss_entry,
          kennysheep_dice
Depths:4: minmay_ornate_pinched, abyss_entry, hell_entry, minmay_misc_feat_rows,
          serial_shops, nicolae_shop_crystal, serial_bayou_pond_e,
          serial_bayou_shore_b, uniq_mara
Depths:5: grunt_zot_entry_tricorne, abyss_entry, serial_co_window_serial,
          co_window_paths_b, co_window_corner_a, co_window_paths_b,
          co_window_paths_b, co_window_corner_a, co_window_cross_4,
          co_window_broadway_c, co_window_unsneaky_path_b, co_window_2corner,
          co_window_4corner_b, co_window_paths_d, glass_columns_a,
          glass_columns_a, glass_columns_a, glass_columns_b, pf_coc_iceberg,
          serial_shops, shop, pan_entry
Zot:1:    grunt_deathspiral_small, zot_minivault_4
Zot:3:    circus_mu, st_large_dragon_hoard_3
Zot:4:    hangedman_zot_spectrum
Lab:      labyrinth_hidden_loot, nicolae_lab_plus, nicolae_lab_very_dead_end,
          nicolae_lab_arrow, nicolae_lab_checkerboard
Ossuary:  ossuary_due_pyramid
IceCv:    ice_cave_small_demon
Volcano:  volcano_pools

Table legend:
 A = Turns spent in this place as a percentage of turns spent in the entire game.
 B = Non-inter-level travel turns spent in this place as a percentage of non-inter-level travel turns spent in the entire game.
 C = Inter-level travel turns spent in this place as a percentage of turns spent in this place.
 D = Turns resting spent in this place as a percentage of non-inter-level travel turns spent in this place.
 E = Turns spent auto-exploring this place as a percentage of non-inter-level travel turns spent in this place.
 F = Non-inter-level travel turns spent in this place divided by the number of levels of this place that you've seen.
                   A       B       C       D       E      F
               +-------+-------+-------+-------+-------+----------------------
         Total | 100.0 | 100.0 |   0.6 |   5.4 |   6.2 | 429.8
       Dungeon |  20.1 |  20.1 |   0.9 |   6.4 |   7.2 | 357.0
          Lair |  11.8 |  11.8 |   1.1 |   6.9 |   5.4 | 391.9
        Shoals |   7.3 |   7.3 |   0.4 |   7.1 |   7.8 | 387.6
   Spider Nest |   6.8 |   6.8 |   0.5 |   7.3 |   6.3 | 363.4
  Orcish Mines |   2.4 |   2.3 |   1.4 |   3.7 |  16.8 | 156.5
   Elven Halls |   6.5 |   6.5 |   0.3 |   1.5 |   5.3 | 576.7
        Vaults |  15.1 |  15.1 |   0.4 |   5.7 |   8.5 | 805.6
         Crypt |   7.1 |   7.2 |   0.4 |   3.8 |   5.7 | 636.0
        Depths |  14.1 |  14.1 |   0.5 |   5.5 |   4.0 | 751.8
           Zot |   6.0 |   6.0 |   0.2 |   1.5 |   0.0 | 322.2
     Labyrinth |   0.6 |   0.6 |   0.0 |   5.9 |   0.0 | 153.0
       Ossuary |   0.9 |   0.9 |   0.0 |   7.6 |   7.2 | 251.0
      Ice Cave |   0.8 |   0.9 |   0.0 |   0.0 |   0.0 | 227.0
       Volcano |   0.4 |   0.4 |   0.0 |   7.1 |   4.5 | 112.0
               +-------+-------+-------+-------+-------+----------------------

Table legend:
 A = Kills in this place as a percentage of kills in entire the game.
 B = Kills by you in this place as a percentage of kills by you in the entire game.
 C = Kills by friends in this place as a percentage of kills by friends in the entire game.
 D = Other kills in this place as a percentage of other kills in the entire game.
 E = Experience gained in this place as a percentage of experience gained in the entire game.
 F = Experience gained in this place divided by the number of levels of this place that you have seen.
                   A       B       C       D       E      F
               +-------+-------+-------+-------+-------+----------------------
         Total | 100.0 | 100.0 | 100.0 | 100.0 | 100.0 | 23440.6
       Dungeon |  17.3 |  18.1 |  13.6 |   0.0 |   4.0 | 3842.3
          Lair |  12.9 |  12.1 |  17.0 |   0.0 |   3.7 | 6666.8
        Shoals |   6.5 |   5.8 |  10.1 |   0.0 |   6.6 | 19237.0
   Spider Nest |   7.9 |   8.4 |   5.5 |  11.1 |   5.9 | 17062.4
  Orcish Mines |   2.0 |   1.4 |   4.3 |  22.2 |   0.5 | 1967.8
   Elven Halls |   5.8 |   6.3 |   2.8 |  44.4 |   7.6 | 36608.0
        Vaults |  19.5 |  18.1 |  25.8 |  22.2 |  25.4 | 73738.8
         Crypt |   7.0 |   7.2 |   6.3 |   0.0 |   9.2 | 44567.3
        Depths |  15.0 |  16.6 |   7.5 |   0.0 |  21.5 | 62390.8
           Zot |   4.0 |   3.4 |   6.9 |   0.0 |  15.2 | 44145.0
     Labyrinth |   0.2 |   0.2 |   0.0 |   0.0 |   0.1 | 1865.0
       Ossuary |   1.1 |   1.3 |   0.0 |   0.0 |   0.0 |  86.0
      Ice Cave |   0.9 |   1.1 |   0.0 |   0.0 |   0.4 | 5459.0
       Volcano |   0.1 |   0.0 |   0.2 |   0.0 |   0.0 | 672.0
               +-------+-------+-------+-------+-------+----------------------
